 Dungeon Crawl Stone Soup version 0.31-a0-358-gac0dbeb3ab (webtiles) character file.

Game seed: 12061217660186689008

386 randomguy2701 the Covered (level 6, -4/55 HPs)
             Began as a Minotaur Fighter on July 25, 2023.
             Killed by divine providence
             ... invoked by an orc priest
              (11 damage)
             ... on level 3 of the Dungeon.
             The game lasted 00:04:23 (2954 turns).

randomguy2701 the Covered (Minotaur Fighter)        Turns: 2954, Time: 00:04:23

Health: -4/55      AC: 15    Str: 20    XL:     6   Next: 48%
Magic:  5/5        EV:  5    Int:  5    God:
Gold:   300        SH:  9    Dex: 12    Spells: 5/5 levels left

rFire   . . .        j - +4 mace
rCold   . . .        g - +0 kite shield
rNeg    . . .        y - +0 plate armour
rPois   .            (helmet restricted)
rElec   .            (no cloak)
rCorr   +            h - +2 pair of gloves
SInv    .            (no boots)
Will    .....        (no amulet) Stlth
                     q - ring of resist corrosion
HPRegen 0.29/turn    (no ring)
MPRegen 0.09/turn

%: no passive effects
@: no status effects
A: horns 2, retaliatory headbutt
a: no special abilities


You were on level 3 of the Dungeon.
You visited 1 branch of the dungeon, and saw 4 of its levels.

You collected 300 gold pieces.

Inventory:

Hand Weapons
 a - a +0 war axe
 j - a +4 mace (weapon)
Armour
 b - a +0 scale mail
 c - a +0 buckler
 g - a +0 kite shield (worn)
 h - a +2 pair of gloves (worn)
 y - a +0 plate armour (worn)
 z - a +0 pair of boots
Jewellery
 q - a ring of resist corrosion (left hand)
Wands
 m - a wand of roots (9)
 r - a wand of mindburst (18)
 v - a wand of light (10)
Scrolls
 e - 2 scrolls of vulnerability {unknown}
 i - 3 scrolls of immolation {unknown}
 o - 6 scrolls of identify {unknown}
 t - a scroll of noise {unknown}
 u - 2 scrolls of fog {unknown}
 w - a scroll of silence {unknown}
 x - a scroll of fear {unknown}
Potions
 d - 2 potions of might
 f - 5 potions of heal wounds {unknown}
 k - a potion of haste {unknown}
 l - a potion of ambrosia {unknown}
 n - 3 potions of lignification {unknown}
 p - 2 potions of curing {unknown}
 s - a potion of degeneration {unknown}


   Skills:
 + Level 4.8 Fighting
 + Level 3.2(4.4) Axes
 + Level 4.5(5.0) Maces & Flails
 + Level 4.9 Armour
 + Level 1.5 Dodging
 + Level 0.5 Stealth
 + Level 4.7 Shields


You had 5 spell levels left.
You didn't know any spells.
Your spell library contained the following spells:

 Spells                   Type           Power      Damage    Failure   Level
 Sting                    Tmut/Pois      0%         1d3       100%        1
 Ensorcelled Hibernation  Hex/Ice        0%         N/A       100%        2
 Anguish                  Hex/Necr       0%         N/A       100%        4
 Olgreb's Toxic Radiance  Pois           0%         N/A       100%        4
 Alistair's Intoxication  Tmut/Pois      0%         N/A       100%        5
 Haunt                    Necr/Summ      0%         N/A       100%        7
 Borgnjor's Revivificati  Necr           0%         N/A       100%        8
 Death's Door             Necr           0%         N/A       100%        9


Dungeon Overview and Level Annotations

Branches:
Dungeon (4/15)
 Temple: D:4-7

Altars:
Dithmenos
Gozag
Ru


Innate Abilities, Weirdness & Mutations

You have a pair of horns on your head.
You reflexively headbutt those who attack you in melee.


Message History

Things that are here:
a +0 dagger; a +0 sling
There is an open door here.
You see here a beast talisman.
There is an open door here.
The shadow imp shouts!
The shadow imp grinds its teeth.
There is a transporter here.
You enter the transporter and appear at another place.
An orc priest is nearby!
The orc priest shouts! x2
There is an open door here.
The shadow imp lashes its tail.
The shadow imp gestures at you. Pain shoots through your body!
The shadow imp shouts, "Escape, thou bootless tickle-brained meatloaf!"
The shadow imp gestures at you. Pain shoots through your body!
The shadow imp gestures at you. Pain shoots through your body!
You see here a +0 pair of boots.
z - a +0 pair of boots The orc priest mumbles some strange prayers to Beogh against you.
Beogh smites you!
You enter the shallow water.
Moving in this stuff is going to be slow.
The orc priest hits you but does no damage.
The shadow imp gestures at you. Pain shoots through your body!
The orc priest invokes the aid of Beogh against you.
Beogh smites you!
* * * LOW HITPOINT WARNING * * *
The orc priest casts a cantrip, but nothing happens.
The orc priest looks satisfied for a moment.
The orc priest mumbles some strange prayers to Beogh against you.
Pain shoots through your body!
* * * LOW HITPOINT WARNING * * *
The orc priest invokes the aid of Beogh against you.
Beogh smites you!
You die...

##.....#P.....P#............
##.....####'####..#.........
#......#.≈...≈.#..##........
#......#5≈...≈.#..###....###
#......#.≈~~~≈!#..#####.#..~
##.....#5≈~⌠P≈.#....##.#..~.
##....#o≈~~~≈5#.##.#.#...~.
###<.#.≈...≈.#.##....#..~.
#..#.≈.@.≈o#........#..~
#..####+####..#####..###
#..#P.....~#[## #.....
#..#8P.©.P8#.# ###...
#..#########.# #..##
#......©.....#######..##
#....#................##
#....##......##.........
#...............####.###


You could see 2 orc priests and 3 shadow imps.

Vanquished Creatures
  Duvessa (D:4)
  An ogre (D:4)
  Dowan (D:4)
  A hound (D:4)
  3 adders (D:3)
  An ufetubus (D:4)
  A worm (D:3)
  4 orcs (D:3)
  10 bats
  7 endoplasms
  4 giant cockroaches
  6 goblins
  10 hobgoblins
  7 jackals (D:1)
  4 quokkas
  7 ball pythons
  4 frilled lizards
  4 kobolds
  5 rats
81 creatures vanquished.

Notes
Turn   | Place    | Note
-------+----------+-------------------------------------------
     0 | D:1      | randomguy2701 the Minotaur Fighter began the quest for the
                  | Orb.
     0 | D:1      | Reached XP level 1. HP: 19/19 MP: 0/0
    42 | D:1      | Reached XP level 2. HP: 19/27 MP: 1/1
   288 | D:1      | Reached XP level 3. HP: 32/33 MP: 2/2
  1069 | D:2      | Found a shadowy altar of Dithmenos.
  1347 | D:3      | Reached skill level 1 in Maces & Flails
  1372 | D:3      | Reached XP level 4. HP: 32/40 MP: 3/3
  1490 | D:3      | Got the Codex of Corruption
  1522 | D:3      | Found a sacrificial altar of Ru.
  1587 | D:3      | Found a transporter.
  1632 | D:3      | Found a transporter.
  1850 | D:3      | Found an opulent altar of Gozag.
  2384 | D:4      | Noticed an ogre
  2391 | D:4      | Killed an ogre
  2392 | D:4      | Reached XP level 5. HP: 47/47 MP: 4/4
  2466 | D:4      | Reached skill level 1 in Dodging
  2587 | D:4      | Noticed Duvessa
  2587 | D:4      | Noticed Dowan
  2593 | D:4      | Killed Duvessa
  2594 | D:4      | Reached XP level 6. HP: 52/55 MP: 5/5
  2601 | D:4      | Killed Dowan
  2954 | D:3      | Killed from afar by an orc priest

Illustrated notes

Levels and vault maps discovered:
D:1:      lightli_arrival_maybe_door_vault, layout_loops_ring, roderic_lattice_a
D:2:      layout_basic, basic_altar
D:3:      gammafunk_wand_slinger, layout_rooms, nicolae_ru_awakened_eye,
          nicolae_gozag_cash_rules_everything_around_me, minmay_joined_circles
D:4:      layout_loops_cross, minmay_fountain_box, kennysheep_potato,
          uniq_duvessa

Skill      XL: |  1  2  3  4  5 |
---------------+----------------+-----
Armour         | 4 |  4.9
Axes           | 3 |  3.2
Fighting       | 4 |  4.8
Shields        | 4 |  4.7
Maces & Flails | 1 3 4 |  4.5
Dodging        | 1 |  1.5
Stealth        | |  0.5

Action                     |  1- 3 |  4- 6 || total
---------------------------+-------+-------++-------
  Melee: War axe           |    54 |       ||    54
         Headbutt          |     6 |     7 ||    13
         Mace              |    51 |    57 ||   108
 Armour: Scale mail        |    50 |    19 ||    69
         Plate armour      |       |     1 ||     1
  Dodge: Dodged            |    42 |    28 ||    70
  Block: Buckler           |    17 |       ||    17
         Kite shield       |    28 |    25 ||    53

Table legend: (Time is in decaauts)
 A = Elapsed time spent in this place.
 B = Non-inter-level travel time spent in this place.
 C = Inter-level travel time spent in this place.
 D = Time resting spent in this place.
 E = Time spent auto-exploring this place.
 F = Levels seen in this place.
 G = Mean time per level.
                   A        B        C        D        E       F      G
               +--------+--------+--------+--------+--------+-----+--------+
         Total |   3023 |   2789 |    234 |      0 |   2237 |   4 |  755.8 |
       Dungeon |   3023 |   2789 |    234 |      0 |   2237 |   4 |  755.8 |
               +--------+--------+--------+--------+--------+-----+--------+

Top non-repeatable levels by time:
     D:3: 923 daAuts
     D:1: 849 daAuts
     D:4: 748 daAuts
     D:2: 502 daAuts
